 Dungeon Crawl Stone Soup version 0.32-a0-350-g4f4d228785 (webtiles) character file.

Game seed: 13683748672383658922

21 Pyroblast the Sneak (level 2, 0/13 HPs)
             Began as a Spriggan Enchanter on Feb 17, 2024.
             Slain by a quokka (2 damage)
             ... on level 1 of the Dungeon.
             The game lasted 00:00:58 (146 turns).

Pyroblast the Sneak (Spriggan Enchanter)             Turns: 146, Time: 00:00:58

Health: 0/13       AC:  2    Str:  4    XL:     2   Next: 62%
Magic:  1/6        EV: 17    Int: 16    God:
Gold:   0          SH:  0    Dex: 15    Spells: 4/6 levels left

rFire   . . .        a - +1 dagger
rCold   . . .        (no shield)
rNeg    . . .        b - +0 robe
rPois   .            (helmet restricted)
rElec   .            (no cloak)
rCorr   .            (gloves unavailable)
SInv    +            (boots unavailable)
Will    .....        (no amulet)
Stlth   +++          (no ring)
HPRegen 0.22/turn    (no ring)
MPRegen 0.10/turn

%: no passive effects
@: very quick
A: very small, no large weapons, unfitting armour, see invisible, speed 3
a: no special abilities


You were on level 1 of the Dungeon.
You visited 1 branch of the dungeon, and saw 1 of its levels.

Inventory:

Hand Weapons
 a - a +1 dagger (weapon)
Armour
 b - a +0 robe (worn)
Potions
 c - 2 potions of invisibility


   Skills:
 + Level 2.2 Short Blades
 - Level 2.6 Dodging
 + Level 5.3 Stealth
 - Level 2.6 Spellcasting
 - Level 3.6 Hexes


You had 4 spell levels left.
You knew the following spells:

 Your Spells              Type           Power      Damage    Failure   Level
e - Ensorcelled Hibernat  Hex/Ice        14%        N/A       14%         2

Your spell library contained the following spells:

 Spells                   Type           Power      Damage    Failure   Level
 Confusing Touch          Hex            13%        N/A       13%         3
 Tukima's Dance           Hex            13%        N/A       13%         3
 Dazzling Flash           Conj/Hex       14%        N/A       28%         3


Dungeon Overview and Level Annotations

Branches:
Dungeon (1/15)

Altars:


Innate Abilities, Weirdness & Mutations

You are very small and have problems with some larger weapons.
You are too small for most types of armour.
You have supernaturally acute eyesight. (SInv)
You cover ground extremely quickly. (Speed+++)


Message History

You barely miss the bat.
The bat is heavily wounded.
The bat hits you but does no damage. The quokka closely misses you.
You hit the bat.
The bat is severely wounded.
The bat hits you but does no damage. The quokka bites you.
* * * LOW HITPOINT WARNING * * *
The bat closely misses you. The bat attacks as it pursues you!
The bat completely misses you. The bat attacks as it pursues you!
The bat hits you but does no damage. The bat misses you. The bat misses you.
The bat closely misses you. The bat attacks as it pursues you!
The bat completely misses you.
You hit the bat but do no damage.
The bat is severely wounded.
The bat completely misses you. The bat barely misses you.
The bat attacks as it pursues you! The bat completely misses you. x2
The bat attacks as it pursues you! The bat closely misses you.
The bat misses you.
You barely miss the bat.
The bat is severely wounded.
The bat closely misses you.
You see here a +0 club.
The bat attacks as it pursues you! The bat hits you but does no damage.
The bat closely misses you.
Things that are here:
a +0 dagger; a goblin corpse; a ball python corpse You hit the bat.
You kill the bat!
Casting: Ensorcelled Hibernation (safe; 14% risk of failure)
Confirm with . or Enter, or press ? or * to list all spells.
Aiming: Ensorcelled Hibernation (safe; 14% risk of failure)
Press: ? - help, Shift-Dir - straight line, f - quokka
Aim: a quokka (chance to affect: 58%)
The quokka resists with significant effort.
The quokka attacks as it pursues you! The quokka bites you.
* * * LOW HITPOINT WARNING * * *
The quokka attacks as it pursues you! The quokka bites you.
You die...

#. .#.. #.###...# .#
......###.#
#######.#...>#..#
#.....#.#.......# #
#...............#..
#.........#........
##......@r.#)....#
#......###...†...# #
#.####.# #....#### #.
##.####.###)########
###.###..........)........
#...).#...................
# #.?.................#####
#.#...................#...#
#...............#######.ß.#


You could see a quokka.

Vanquished Creatures
  A dart slug (D:1)
  A bat (D:1)
  4 goblins (D:1)
  A hobgoblin (D:1)
  2 ball pythons (D:1)
  A kobold (D:1)
10 creatures vanquished.

Notes
Turn   | Place    | Note
-------+----------+-------------------------------------------
     0 | D:1      | Pyroblast the Spriggan Enchanter began the quest for the
                  | Orb.
     0 | D:1      | Reached XP level 1. HP: 9/9 MP: 5/5
    50 | D:1      | Reached skill level 5 in Stealth
    50 | D:1      | Reached XP level 2. HP: 8/13 MP: 6/6
    77 | D:1      | Learned a level 2 spell: Ensorcelled Hibernation
   146 | D:1      | Slain by a quokka

Illustrated notes

Levels and vault maps discovered:
D:1:      wander_arrival_estate, layout_loops_cross, minmay_split_cup_small

Skill      XL: |  1  2 |
---------------+-------+-----
Stealth        | 5 |  5.3
Short Blades   | 2 |  2.2
Dodging        | |  2.6
Spellcasting   | |  2.6
Hexes          | |  3.6

Action                     || total
---------------------------++-------
  Melee: Dagger            ||    50
   Cast: Ensorcelled Hiber ||     4
   Stab: Sleeping          ||     2
 Armour: Robe              ||    23
  Dodge: Dodged            ||    61

Table legend: (Time is in decaauts)
 A = Elapsed time spent in this place.
 B = Non-inter-level travel time spent in this place.
 C = Inter-level travel time spent in this place.
 D = Time resting spent in this place.
 E = Time spent auto-exploring this place.
 F = Levels seen in this place.
 G = Mean time per level.
                   A        B        C        D        E       F      G
               +--------+--------+--------+--------+--------+-----+--------+
         Total |    111 |    111 |      0 |      9 |     24 |   1 |  111.0 |
       Dungeon |    111 |    111 |      0 |      9 |     24 |   1 |  111.0 |
               +--------+--------+--------+--------+--------+-----+--------+

Top non-repeatable levels by time:
     D:1: 111 daAuts
